 Seeded DCSS version 0.28.0 (webtiles) character file.

Game seed: 10379525442082979767 (custom seed)

65 hikkokomori the Shield-Bearer (level 4, 0/37 HPs)
             Began as a Formicid Fighter on Feb 16, 2022.
             Slain by a gnoll (4 damage)
             ... on level 3 of the Dungeon.
             The game lasted 00:02:26 (1664 turns).

hikkokomori the Shield-Bearer (Formicid Fighter)    Turns: 1664, Time: 00:02:27

Health: 0/37       AC:  9    Str: 23    XL:     4   Next: 35%
Magic:  4/4        EV:  7    Int:  7    God:
Gold:   37         SH:  4    Dex: 10    Spells: 3/3 levels left

rFire   . . .      SeeInvis +   a - +0 war axe
rCold   . . .      Faith    .   c - +0 buckler
rNeg    . . .      Spirit   .   j - +0 chain mail
rPois   .          Reflect  .   (helmet unavailable)
rElec   .          Harm     .   (no cloak)
rCorr   .          Rampage  .   (no gloves)
Will    .....                   (no boots)
Stlth   ..........              (no amulet)
HPRegen 0.12/turn               (no ring)
MPRegen 0.09/turn               (no ring)

@: mighty
A: permanent stasis, dig shafts and tunnels, antennae 3, four strong arms
a: Dig, Shaft Self


You were on level 3 of the Dungeon.
You visited 1 branch of the dungeon, and saw 3 of its levels.

You collected 37 gold pieces.

Inventory:

Hand Weapons
 a - a +0 war axe (weapon)
Armour
 b - a +0 scale mail
 c - a +0 buckler (worn)
 j - a +0 chain mail (worn)
Scrolls
 g - a scroll of immolation {unknown}
 h - a scroll of teleportation
 i - a scroll of identify {unknown}
 k - a scroll of brand weapon {unknown}
Potions
 e - a potion of degeneration {unknown}
 f - a potion of curing {unknown}


   Skills:
 + Level 3.9 Fighting
 + Level 2.7 Axes
 + Level 3.9 Armour
 + Level 4.2 Shields


You had 3 spell levels left.
You didn't know any spells.
Your spell library was empty.

Dungeon Overview and Level Annotations

Branches:
Dungeon (3/15)

Altars:


Innate Abilities, Weirdness & Mutations

You cannot be hasted, slowed, berserked, paralysed or teleported.
You can dig through walls and to a lower floor.
You have a pair of large antennae on your head. (SInv)
Your four strong arms can wield two-handed weapons with a shield.


Message History

You see here a +0 club.
You miss the kobold. The ball python bites you.
The ball python barely misses you. The kobold hits you but does no damage.
The gnoll hits you from afar with a +0 spear.
You hit the kobold.
The kobold is moderately wounded.
You closely miss the ball python. The ball python closely misses you.
You block the ball python's attack. The kobold hits you but does no damage.
The gnoll hits you from afar with a +0 spear.
The ball python bites you. The ball python grabs you.
The ball python constricts you.
You slash the kobold!
You kill the kobold!
You closely miss the ball python. The ball python barely misses you.
The ball python constricts you. The gnoll barely misses you.
Your life force feels restored.
Unknown command.
You feel very mighty all of a sudden. The ball python bites you.
The ball python constricts you. You block the gnoll's attack.
The ball python bites you but does no damage.
The ball python constricts you.
You hit the ball python.
You kill the ball python!
The gnoll hits you but does no damage. You block the gnoll's attack.
Unknown command.
You closely miss the gnoll. You block the gnoll's attack. x2
The gnoll hits you with a +0 halberd!
* * * LOW HITPOINT WARNING * * *
You slice the gnoll!!
You kill the gnoll!
The gnoll hits you from afar with a +0 spear.
* * * LOW HITPOINT WARNING * * *
You barely miss the kobold.
The gnoll hits you from afar with a +0 spear.
* * * LOW HITPOINT WARNING * * *
The kobold barely misses you.
The gnoll hits you from afar with a +0 spear.
You die...

...##.....#
###.#.8.8.8..#
...#...._...#
....8.8.8.8# >..#....#.##
# ##....8.....#########.
##.#...###..###.......#..
.......###g.# #..g.......
#..<)@Kg.# #....g.<...
#.#########{.....g....
#........... #...........
#........#.. #.####)#....
#. .#..... .# #..g.


You could see 2 gnolls and a kobold.

Vanquished Creatures
  A gnoll (D:3)
  2 adders (D:2)
  2 dart slugs
  An endoplasm (D:3)
  2 giant cockroaches
  3 goblins
  2 hobgoblins
  A quokka (D:1)
  4 ball pythons
  6 bats
  4 frilled lizards
  5 kobolds
  3 rats
36 creatures vanquished.

Notes
Turn   | Place    | Note
-------+----------+-------------------------------------------
     0 | D:1      | hikkokomori the Formicid Fighter began the quest for the
                  | Orb.
     0 | D:1      | Reached XP level 1. HP: 18/18 MP: 1/1
   320 | D:1      | Reached XP level 2. HP: 24/24 MP: 2/2
   856 | D:2      | Reached XP level 3. HP: 28/29 MP: 3/3
   958 | D:2      | Reached skill level 4 in Shields
  1341 | D:2      | Reached XP level 4. HP: 32/37 MP: 4/4
  1643 | D:3      | Found a faded altar of an unknown god.
  1664 | D:3      | Slain by a gnoll

Illustrated notes

Levels and vault maps discovered:
D:1:      minmay_arrival_arboretum_small, layout_basic
D:2:      layout_basic
D:3:      layout_loops_cross, serial_shops, nicolae_shop_hallway_stairs,
          ebering_ecumenical_altar_ruins, uniq_sigmund

Skill      XL: |  1  2  3 |
---------------+----------+-----
Shields        | 4 |  4.2
Fighting       | |  3.9
Axes           | |  2.7
Armour         | |  3.9

Action                   |  1- 3 |  4- 6 || total
-------------------------+-------+-------++-------
Melee: War axe           |    72 |    18 ||    90
 Abil: Dig               |       |     2 ||     2
  Use: Scroll            |     1 |       ||     1
       Potion            |       |     1 ||     1
Armor: Scale mail        |    32 |       ||    32
       Chain mail        |     7 |    14 ||    21
Dodge: Dodged            |    47 |    12 ||    59
Block: Buckler           |    20 |    11 ||    31
